 Dungeon Crawl Stone Soup version 0.24.0-41-g2ae2f7f1be (webtiles) character file.

Game seed: 2004056782827689244, levelgen mode: deterministic

7682 Delamore the Severer (level 11, -6/101 HPs)
             Began as a Hill Orc Fighter on Dec 13, 2019.
             Was a High Priest of Okawaru.
             Killed from afar by an electric eel (10 damage)
             ... with a bolt of electricity
             ... on level 10 of the Dungeon.
             The game lasted 00:12:54 (8980 turns).

Delamore the Severer (Hill Orc Fighter)             Turns: 8980, Time: 00:12:55

Health: -6/101     AC: 18    Str: 23    XL:     11   Next: 19%
Magic:  0/11       EV:  4    Int:  8    God:    Okawaru [*****.]
Gold:   587        SH:  9    Dex: 10    Spells: 10/10 levels left

rFire    . . .     SeeInvis .   a - +0 war axe
rCold    . . .     Gourm    .   c - +0 shield
rNeg     . . .     Faith    .   D - +0 plate armour
rPois    +         Spirit   +   t - +2 helmet
rElec    .         Reflect  .   s - scarf {cloud immunity}
rCorr    .         Harm     .   J - +0 pair of gloves
MR       .....                  (no boots)
Stlth    ..........             g - amulet of guardian spirit
HPRegen  0.26/turn              k - +3 ring of protection
MPRegen  0.12/turn              p - ring of poison resistance

@: no status effects
A: no striking features
a: Heroism, Finesse, Renounce Religion


You were on level 10 of the Dungeon.
You worshipped Okawaru.
Okawaru was extremely pleased with you.
You were not hungry.

You visited 2 branches of the dungeon, and saw 11 of its levels.

You collected 587 gold pieces.

Inventory:

Hand Weapons
 a - a +0 war axe (weapon)
 C - a +1 whip of flaming
Missiles
 u - 6 curare-tipped darts (quivered)
 w - 3 throwing nets
 G - 8 javelins
Armour
 c - a +0 shield (worn)
 s - a scarf of cloud immunity (worn)
 t - a +2 helmet (worn)
 D - a +0 plate armour (worn)
 J - a +0 pair of gloves (worn)
Jewellery
 g - an amulet of guardian spirit (around neck)
 k - a +3 ring of protection (left hand)
 p - a ring of poison resistance (right hand)
Wands
 q - a wand of iceblast (8)
 E - a wand of random effects (25)
 F - a wand of paralysis (6)
 H - a wand of disintegration (9)
Scrolls
 b - a scroll of magic mapping {unknown}
 e - a scroll of fog
 h - 4 scrolls of remove curse
 i - a scroll of teleportation {unknown}
 j - 2 scrolls of blinking
 r - a scroll of amnesia
 x - 3 scrolls of enchant armour
 y - a scroll of random uselessness
 B - a scroll of immolation
 K - a scroll of noise {unknown}
 L - 3 scrolls of enchant weapon {unknown}
Potions
 d - 5 potions of might
 l - 2 potions of haste
 m - a potion of cancellation
 n - a potion of brilliance
 o - 2 potions of lignification
 v - a potion of agility
 z - 2 potions of heal wounds
 A - 2 potions of invisibility
 I - a potion of flight
Comestibles
 f - 18 rations


   Skills:
 + Level 10.7 Fighting
 + Level 17.7 Axes
 - Level 3.2 Armour
 - Level 3.2 Shields


You had 10 spell levels left.
You didn't know any spells.
Your spell library was empty.

Dungeon Overview and Level Annotations

Branches:
Dungeon (10/15)            Temple (1/1) D:4
   Lair: D:8-11         Orc: D:9-12

Altars:
Ashenzari
Cheibriados
Dithmenos
Elyvilon
Fedhas
Gozag
Hepliaklqana
Kikubaaqudgha
Makhleb
Nemelex Xobeh
Okawaru
Qazlal
Ru
Sif Muna
Trog
Uskayaw
Vehumet
Wu Jian
Xom
Yredelemnul
Zin
The Shining One

Shops:
D:8 *


Message History

You slash the electric eel!
The electric eel is heavily wounded.
The electric eel shoots out a bolt of lightning at you!
The bolt of electricity hits you!
The electric eel shoots out a bolt of lightning at you!
The bolt of electricity hits you.
* * * LOW HITPOINT WARNING * * *
The electric eel shoots out a bolt of lightning at you!
The bolt of electricity hits you!
* * * LOW HITPOINT WARNING * * *
The electric eel shoots out a bolt of lightning at you!
The bolt of electricity hits you!
* * * LOW HITPOINT WARNING * * *
There is a stone staircase leading up here.
The electric eel shoots out a bolt of lightning at you!
The bolt of electricity hits you.
* * * LOW HITPOINT WARNING * * *
The electric eel shoots out a bolt of lightning at you!
The bolt of electricity hits you!
You die...

≈≈≈≈≈≈≈≈≈≈≈≈≈≈≈≈
≈≈≈≈≈≈≈≈≈≈≈≈≈≈≈≈≈#
≈≈≈≈≈≈≈≈≈≈≈≈≈≈≈≈≈≈
≈≈≈≈≈≈≈≈≈≈≈≈≈≈≈≈≈≈≈
≈≈
≈≈≈;≈≈#≈≈≈≈≈≈≈≈≈≈≈≈
≈≈≈
#≈≈≈;≈;≈≈≈≈≈≈≈≈≈#
≈; #.≈..;...;;.≈≈#
.# ..≈.........##
..##......<##@..#
##.....##..#<##..#
#..#....##......##
#.#)##.#.#.###.#
#!#..#..###..##
###...### ####
#####


You could see 5 electric eels.

Vanquished Creatures
  2 two-headed ogres
  Pikel (D:7)
  A troll (D:9)
  A hippogriff (D:9)
  A human (D:8)
  A wraith (D:7)
  5 yaks (D:9)
  Edmund (D:6)
  Duvessa (D:5)
  2 sky beasts
  3 ice beasts
  4 slaves (D:7)
  3 orc warriors
  2 phantoms (D:6)
  3 ogres
  2 necrophages (D:7)
  3 centaurs
  5 bullfrogs
  Dowan (D:5)
  3 scorpions
  A troll zombie (D:7)
  5 wights (D:5)
  4 electric eels (D:10)
  4 howler monkeys
  6 crimson imps
  3 bullfrog zombies
  2 jellies
  3 human zombies (D:7)
  4 orc priests
  A bullfrog skeleton (D:5)
  2 gnoll shamans
  6 hounds
  7 orc wizards
  A human skeleton (D:7)
  4 worker ants
  5 iguanas
  2 hound zombies (D:7)
  A hound skeleton (D:6)
  4 mummies (D:7)
  18 gnolls
  5 adders
  4 shadow imps
  2 adder zombies
  An adder skeleton (D:4)
  3 worms
  2 dart slugs (D:1)
  8 leopard geckos
  29 orcs
  6 giant cockroaches
  3 goblins
  7 hobgoblins
  11 jackals
  11 kobolds
  7 quokkas
  2 ball pythons
  9 bats
  7 frilled lizards
  A leopard gecko skeleton (D:5)
  A quokka skeleton (D:6)
  3 rats
  A plant (D:9)
251 creatures vanquished.

Vanquished Creatures (others)
  2 plants (D:9)
2 creatures vanquished.

Grand Total: 253 creatures vanquished

Notes
Turn   | Place    | Note
-------+----------+-------------------------------------------
     0 | D:1      | Delamore the Hill Orc Fighter began the quest for the Orb.
     0 | D:1      | Reached XP level 1. HP: 19/19 MP: 1/1
    18 | D:1      | Reached skill level 3 in Axes
   132 | D:1      | Reached XP level 2. HP: 21/26 MP: 2/2
   154 | D:1      | Reached skill level 4 in Axes
   344 | D:1      | Found a glowing golden altar of the Shining One.
   346 | D:1      | Found a shimmering altar of Xom.
   346 | D:1      | Found a shimmering altar of Xom.
   349 | D:1      | Found a glowing golden altar of the Shining One.
   349 | D:1      | Found an ornate altar of the Wu Jian Council.
   349 | D:1      | Found a radiant altar of Vehumet.
   569 | D:1      | Reached XP level 3. HP: 27/31 MP: 3/3
   941 | D:2      | Reached skill level 5 in Axes
   956 | D:2      | Reached XP level 4. HP: 28/39 MP: 4/4
  1150 | D:2      | Reached skill level 6 in Axes
  1505 | D:2      | Found a shimmering altar of Xom.
  1583 | D:2      | Found a burning altar of Makhleb.
  1589 | D:2      | Reached XP level 5. HP: 45/45 MP: 5/5
  1943 | D:3      | Reached skill level 7 in Axes
  1955 | D:3      | Found a hide-covered altar of Uskayaw.
  2075 | D:3      | You fall into a shaft and drop 3 floors!
  2107 | D:6      | Noticed Edmund
  2129 | D:6      | Killed Edmund
  2129 | D:6      | Reached skill level 8 in Axes
  2129 | D:6      | Reached XP level 6. HP: 30/51 MP: 6/6
  2220 | D:6      | Reached skill level 9 in Axes
  2373 | D:6      | Found a bloodstained altar of Trog.
  2373 | D:6      | Noticed a phantom
  2385 | D:6      | Reached XP level 7. HP: 39/57 MP: 4/7
  2438 | D:6      | Reached skill level 10 in Axes
  2555 | D:6      | Found a sparkling altar of Nemelex Xobeh.
  2607 | D:5      | Entered Level 5 of the Dungeon
  2622 | D:5      | Reached skill level 11 in Axes
  2663 | D:5      | Noticed Duvessa
  2663 | D:5      | Noticed Dowan
  2674 | D:5      | Killed Duvessa
  2674 | D:5      | Reached XP level 8. HP: 50/64 MP: 5/8
  2680 | D:5      | Killed Dowan
  2910 | D:4      | Reached skill level 12 in Axes
  2936 | D:4      | Found a staircase to the Ecumenical Temple.
  2953 | Temple   | Entered the Ecumenical Temple
  3075 | Temple   | Became a worshipper of Warmaster Okawaru
  3255 | D:4      | Found a radiant altar of Vehumet.
  3593 | D:4      | Reached skill level 13 in Axes
  4205 | D:5      | Reached * piety under Okawaru
  4249 | D:5      | Reached skill level 14 in Axes
  4249 | D:5      | Reached XP level 9. HP: 38/70 MP: 6/9
  5346 | D:7      | Reached skill level 15 in Axes
  5738 | D:7      | Noticed Pikel
  5754 | D:7      | Killed Pikel
  5754 | D:7      | Reached ** piety under Okawaru
  5754 | D:7      | Reached skill level 5 in Fighting
  6098 | D:7      | Found an ancient bone altar of Kikubaaqudgha.
  6118 | D:7      | Reached *** piety under Okawaru
  6130 | D:7      | Reached XP level 10. HP: 84/84 MP: 10/10
  6175 | D:7      | Reached skill level 16 in Axes
  6482 | D:8      | Found Nareuthia's Lightly-Used Armoury.
  7163 | D:9      | Reached **** piety under Okawaru
  7460 | D:9      | Noticed a two-headed ogre
  7473 | D:9      | Killed a two-headed ogre
  7473 | D:9      | Reached skill level 17 in Axes
  7690 | D:9      | Found a white marble altar of Elyvilon.
  7823 | D:9      | Reached skill level 10 in Fighting
  7831 | D:9      | Reached XP level 11. HP: 95/99 MP: 11/11
  8180 | D:10     | Entered Level 10 of the Dungeon
  8301 | D:10     | Noticed a two-headed ogre
  8311 | D:10     | Killed a two-headed ogre
  8311 | D:10     | Reached ***** piety under Okawaru
  8980 | D:10     | HP: 4/101 [electric eel/bolt of electricity (5)]
  8980 | D:10     | Killed from afar by an electric eel

Levels and vault maps discovered:
D:1:      minmay_arrival_three_doors, layout_loops_ring, minivault_14,
          doesnt_xom_only_xom
D:2:      layout_basic, lemuel_round_altar, makhleb_heckhound_becter
D:3:      layout_rooms, lemuel_statue_altar
D:4:      layout_loops_ring, lemuel_crystal_altar,
          minmay_temple_entry_sparse_star
D:5:      cheibrodos_barr_body, layout_basic, first_ration, uniq_duvessa
D:6:      minmay_evil_eye, layout_cave_pools, bloody_trog,
          nemelex_xobeh_ov_fountains_minmay, lemuel_flamethrower_2, uniq_edmund
D:7:      layout_basic, lemuel_mausoleum_altar_kikubaaqudgha, uniq_pikel
D:8:      layout_gridville, grunt_pizzeria, minmay_shop_damaged
D:9:      wad_woods_pond, layout_basic, elyvilon_altar_3, nrook_mini_backslash
D:10:     erik_rubicon_a, layout_irregular_city, erik_lair_orcish_takeover
Temple:   nicolae_temple_elliptical

Skill      XL: |  1  2  3  4  5  6  7  8  9 10 |
---------------+-------------------------------+-----
Axes           | 3 4 5 6 8 9 11 14 15 17 | 17.7
Fighting       | 6 10 | 10.7
Armour         | |  3.2
Shields        | |  3.2

Action                   |  1- 3 |  4- 6 |  7- 9 | 10-12 || total
-------------------------+-------+-------+-------+-------++-------
Melee: War axe           |    73 |   164 |   482 |   302 ||  1021
Evoke: Wand              |       |       |       |     3 ||     3
  Use: Potion            |       |       |     1 |       ||     1
       Scroll            |       |       |       |    13 ||    13
  Eat: Chunk             |       |     5 |    11 |     5 ||    21
       Ration            |       |       |       |     2 ||     2
Armor: Scale mail        |    47 |    79 |   173 |       ||   299
       Plate armour      |       |       |    55 |   117 ||   172
Dodge: Dodged            |    23 |    45 |    98 |    27 ||   193
Block: Shield            |    43 |    88 |   177 |   106 ||   414
